 Dungeon Crawl Stone Soup version 0.17.0-24-gcfadda4 (webtiles) character file.

1485 oplop the Changer (level 8, 0/66 HPs)
             Began as an Octopode Transmuter on Nov 15, 2015.
             Slain by a killer bee (2 damage)
             ... on level 7 of the Dungeon.
             The game lasted 00:13:56 (6591 turns).

oplop the Changer (Octopode Transmuter)             Turns: 6591, Time: 00:13:56

Health: 0/66       AC:  6    Str: 12    XL:     8   Next: 79%
Magic:  10/14      EV: 10    Int: 15    God:
Gold:   273        SH:  0    Dex: 12    Spells: 4 memorised, 6 levels left

rFire  x . .     SeeInvis .       - Unarmed
rCold  + + +     Clarity  .     (shield currently unavailable)
rNeg   . . .     SustAt   .     (helmet currently unavailable)
rPois  +         Gourm    +     C - amulet of the gourmand
rElec  .         Spirit   .     (no ring)
rCorr  .         Warding  .     (no ring)
rMut   .         Stasis   .     (no ring)
MR     .....                    (no ring)
Stlth  +.........               (no ring)
                                (no ring)
                                (no ring)
                                (no ring)

@: ice-form, very slightly contaminated, invisible, not resistant to hostile
enchantments, very unstealthy
A: almost no armour, amphibious, 8 rings, (constrict 8), (camouflage 0),
(gelatinous body 0)
a: End Transformation


You were on level 7 of the Dungeon.
You were hungry.
You were a creature of crystalline ice.
You visited 2 branches of the dungeon, and saw 8 of its levels.
You also visited: Sewer.

You collected 273 gold pieces.

Inventory:

Hand Weapons
 b - a +0 blowgun
Missiles
 a - 55 arrows
 d - 59 poisoned needles
 o - 16 javelins (quivered)
 q - 13 arrows of frost
Jewellery
 m - an uncursed amulet of guardian spirit
 C - an amulet of the gourmand (around neck)
Wands
 B - a wand of slowing (40)
Scrolls
 e - a scroll of magic mapping
 f - 3 scrolls of remove curse
 p - a scroll of identify
 y - a scroll of teleportation
Potions
 i - a potion of degeneration
 j - a potion of lignification {unknown}
 r - 2 potions of haste {unknown}
 s - 8 potions of curing
 t - 2 potions of flight
 w - 2 potions of agility {unknown}
 x - 13 potions of heal wounds
 z - a potion of brilliance {unknown}
Books
 g - a book of Flames

   Spells                             Type                      Level
   a - Flame Tongue                   Conjuration/Fire             1
   b - Throw Flame                    Conjuration/Fire             2
   c - Conjure Flame                  Conjuration/Fire             3
   d - Inner Flame                    Hexes/Fire                   3
   e - Sticky Flame                   Conjuration/Fire             4
   f - Fireball                       Conjuration/Fire             5
 n - a book of the Earth

   Spells                             Type                      Level
   a - Leda's Liquefaction            Hexes/Earth                  4
   b - Bolt of Magma                  Conjuration/Fire/Earth       5
   c - Statue Form                    Transmutation/Earth          6
   d - Iron Shot                      Conjuration/Earth            6
   e - Shatter                        Earth                        9
 u - a book of Changes

   Spells                             Type                      Level
   a - Beastly Appendage              Transmutation                1
   b - Sticks to Snakes               Transmutation                2
   c - Spider Form                    Transmutation/Poison         3
   d - Ice Form                       Ice/Transmutation            4
   e - Blade Hands                    Transmutation                5
Comestibles
 c - 6 bread rations
 k - 5 meat rations
 v - 10 fruits


   Skills:
 + Level 5.2 Fighting
 - Level 2.0 Dodging
 + Level 5.4 Unarmed Combat
 + Level 4.5 Spellcasting
 + Level 5.8 Transmutations
 + Level 2.3 Ice Magic
 - Level 2.4 Poison Magic


You had 6 spell levels left.
You knew the following spells:

 Your Spells              Type           Power        Failure   Level  Hunger
a - Beastly Appendage     Trmt           ###...       1%          1    None
b - Sticks to Snakes      Trmt           ###.......   2%          2    ##.....
c - Spider Form           Trmt/Pois      ###.......   12%         3    ###....
d - Ice Form              Ice/Trmt       ###.....     34%         4    ####...


Dungeon Overview and Level Annotations

Branches:
Dungeon (7/15)             Temple (1/1) D:5

Altars:
Ashenzari
Cheibriados
Dithmenos
Elyvilon
Fedhas
Gozag
Kikubaaqudgha
Makhleb
Nemelex Xobeh
Okawaru
Qazlal
Ru
Sif Muna
Trog
Vehumet
Xom
Yredelemnul
Zin
The Shining One

Annotations:
D:5 1 runed door
D:6 exclusion: oklob plant


Innate Abilities, Weirdness & Mutations

You cannot wear most types of armour.
You are amphibious.
You can wear up to eight rings at the same time.
((You can use your tentacles to constrict eight enemies at once.))
((Your skin changes colour to match your surroundings (Stealth).))
((Your rubbery body absorbs attacks (AC +1).))


Message History

Unknown command.
Unknown command.
You feel sick. The killer bee stings you.
* * * LOW HITPOINT WARNING * * *
You see here a killer bee corpse.
Unknown command.
Unknown command.
The killer bee stings you.
* * * LOW HITPOINT WARNING * * *
The killer bee misses you.
There is a stone staircase leading up here.
Unknown command.
Drink which item? (? for menu, Esc to quit)
You feel better. The killer bee completely misses you.
The killer bee stings you.
* * * LOW HITPOINT WARNING * * *
The killer bee stings you!
* * * LOW HITPOINT WARNING * * *
The killer bee stings you.
You die...

#...........
##...........
#............
##............
#....§§.......
#....§§§§.....
##..y§§§§§.....
#..Yy§§§y§.)...
#...y§§§§§....#
#....§§§§§§..##
##...§......##
##.......###
##......#
#####..# #.#


You could see 3 killer bees.

Vanquished Creatures
  Eustachio (D:5)
  2 sky beasts (D:5)
  An ogre (D:5)
  3 scorpions
  2 killer bees (D:7)
  2 crimson imps
  A hound (D:5)
  2 centaur skeletons (D:4)
  Ijyb (D:3)
  A giant frog skeleton (D:5)
  2 iguanas
  10 worker ants
  A hound zombie (D:6)
  A hound skeleton (D:5)
  4 gnolls (D:3)
  5 river rats (Sewer)
  11 adders
  A shadow imp (D:6)
  A worm (D:2)
  7 giant geckos
  2 orcs (D:5)
  4 bats (D:1)
  12 giant cockroaches
  5 goblins
  9 hobgoblins
  8 jackals
  2 quokkas
  5 ball pythons (Sewer)
  4 giant newts
  25 kobolds
  25 rats
  A butterfly (D:5)
161 creatures vanquished.

Notes
Turn   | Place    | Note
--------------------------------------------------------------
     0 | D:1      | oplop the Octopode Transmuter began the quest for the Orb.
     0 | D:1      | Reached XP level 1. HP: 13/13 MP: 3/3
   336 | D:1      | Reached XP level 2. HP: 18/18 MP: 3/5
   591 | D:1      | Reached XP level 3. HP: 24/24 MP: 4/6
  1054 | D:2      | Learned a level 2 spell: Sticks to Snakes
  1058 | D:2      | Learned a level 3 spell: Spider Form
  1109 | D:2      | Found a stormy altar of Qazlal.
  1401 | D:3      | Noticed Ijyb
  1408 | D:3      | Reached XP level 4. HP: 24/29 MP: 4/7
  1471 | D:3      | Killed Ijyb
  1508 | D:3      | Reached skill level 1 in Poison Magic
  1826 | D:3      | Reached XP level 5. HP: 34/34 MP: 6/8
  2230 | D:3      | Noticed a phantom
  2326 | D:4      | Reached XP level 6. HP: 23/41 MP: 6/10
  2947 | D:4      | Reached skill level 4 in Transmutations
  3349 | D:5      | Entered Level 5 of the Dungeon
  3391 | D:5      | Found a glowing drain.
  3408 | Sewer    | Entered a sewer
  3851 | Sewer    | Reached XP level 7. HP: 30/46 MP: 5/11
  4289 | D:5      | Found a runed door.
  4310 | D:5      | Found a runed door.
  4591 | D:5      | Learned a level 4 spell: Ice Form
  4692 | D:5      | Reached skill level 5 in Transmutations
  4692 | D:5      | Reached XP level 8. HP: 49/54 MP: 13/13
  4945 | D:5      | Found a staircase to the Ecumenical Temple.
  4998 | Temple   | Entered the Ecumenical Temple
  5147 | D:5      | Noticed Eustachio
  5165 | D:5      | Killed Eustachio
  5165 | D:5      | Reached skill level 1 in Ice Magic
  5338 | D:5      | Reached skill level 5 in Unarmed Combat
  5593 | D:5      | Reached skill level 5 in Fighting
  5981 | D:6      | Found a sacrificial altar of Ru.
  5982 | D:6      | Noticed an oklob plant
  6591 | D:7      | HP: 2/66 [killer bee (8)]
  6591 | D:7      | Slain by a killer bee

Action                   |  1- 3 |  4- 6 |  7- 9 || total
-------------------------+-------+-------+-------++-------
Melee: Unarmed           |    97 |   181 |   147 ||   425
 Fire: Blowgun           |       |       |    15 ||    15
Throw: Javelin           |       |     3 |       ||     3
 Cast: Beastly Appendage |    22 |    23 |    11 ||    56
       Spider Form       |       |     7 |     7 ||    14
       Ice Form          |       |       |     1 ||     1
       Sticks to Snakes  |       |       |     1 ||     1
  Use: Potion            |       |     1 |     3 ||     4
       Scroll            |       |    11 |     4 ||    15
 Stab: Sleeping          |     9 |     4 |     5 ||    18
  Eat: Chunk             |     2 |     9 |     4 ||    15
       Pizza             |       |       |     1 ||     1
       Royal jelly       |       |       |     1 ||     1
       Beef jerky        |       |       |     1 ||     1
